Map: Oblivion Express

Players

Kilo

  • Race: Protoss Protoss
  • Spawn Location: 0:00

spectreghost

  • Race: Terran Terran

VOD

Have the link to the VOD?

Description

Time

  • Played on: Jan. 11, 2024, 1:16 p.m.
  • Length: 23:29
Show
View Real Time Build Order
Export as new Build Order

Kilo Protoss 

Build Orders:  

Get SALT Encoding   

  12  0:12  Probe (Chrono Boost)  
  13  0:26  Probe (Chrono Boost)  
  14  0:34  Pylon  
  14  0:43  Probe (Chrono Boost)  
  15  0:52  Pylon  
  15  0:59  Probe (Chrono Boost)  
  16  1:13  Probe (Chrono Boost)  
  17  1:24  Gateway  
  17  1:26  Probe (Chrono Boost)  
  18  1:40  Assimilator, Probe (Chrono Boost)  
  19  1:52  Assimilator  
  19  1:54  Probe (Chrono Boost)  
  20  2:08  Probe (Chrono Boost)  
  21  2:22  Probe (Chrono Boost)  
  22  2:33  Cybernetics Core  
  22  2:36  Probe (Chrono Boost)  
  23  2:41  Pylon  
  23  2:50  Probe (Chrono Boost)  
  24  3:04  Probe (Chrono Boost)  
  25  3:17  Probe (Chrono Boost)  
  26  3:22  Nexus  
  26  3:27  Assimilator  
  26  3:31  Assimilator, Probe (Chrono Boost)  
  27  3:40  Warp Gate  
  27  3:49  Probe (Chrono Boost)  
  28  4:03  Probe (Chrono Boost)  
  29  4:17  Probe (Chrono Boost)  
  30  4:31  Probe (Chrono Boost)  
  30  4:32  Death Council  
  30  4:39  Robotics Facility  
  31  4:45  Probe (Chrono Boost)  
  32  4:59  Probe (Chrono Boost)  
  33  5:12  Pylon  
  33  5:13  Probe (Chrono Boost)  
  33  5:16  Pylon  
  34  5:24  Forge  
  34  5:25  Probe (Chrono Boost)  
  35  5:39  Probe (Chrono Boost)  
  35  5:44  Havoc  
  37  5:53  Probe (Chrono Boost)  
  38  6:07  Probe (Chrono Boost)  
  39  6:17  Robotics Bay  
  39  6:21  Probe (Chrono Boost)  
  40  6:30  Supplicant x2  
  40  6:39  Robotics Facility  
  44  6:55  Gateway  
  44  6:57  Gateway  
  44  6:59  Probe (Chrono Boost)  
  44  7:00  Gateway  
  44  7:03  Probe (Chrono Boost)  
  46  7:13  Probe (Chrono Boost)  
  46  7:17  Probe (Chrono Boost)  
  48  7:27  Protoss Air Weapons Level 1, Protoss Ground Weapons Level 1, Probe (Chrono Boost)  
  49  7:31  Probe (Chrono Boost)  
  50  7:41  Probe (Chrono Boost)  
  50  7:45  Probe (Chrono Boost)  
  52  7:51  Slayer, Pylon  
  52  7:52  Pylon  
  52  7:55  Probe (Chrono Boost)  
  52  7:58  Probe (Chrono Boost)  
  52  7:59  Wraithwalker  
  62  8:03  Wraithwalker  
  68  8:11  Probe (Chrono Boost)  
  68  8:12  Probe (Chrono Boost)  
  70  8:24  Probe (Chrono Boost)  
  70  8:26  Probe (Chrono Boost)  
  72  8:35  Slayer x2  
  72  8:36  Slayer  
  72  8:38  Probe (Chrono Boost)  
  79  8:42  Slayer  
  81  9:39  Pylon  
  81  9:41  Pylon  
  81  9:44  Pylon  
  81  9:48  Pylon  
  81  9:52  Rapid Power Cycling  
  81  9:57  Photon Cannon  
  81  10:00  Wraithwalker  
  81  10:03  Wraithwalker  
  93  10:31  Photon Cannon  
  93  10:42  Aerial Tracking  
  93  10:44  Supplicant x2  
  93  10:45  Supplicant x4  
  93  10:46  Supplicant x2  
  109  11:05  Protoss Ground Weapons Level 2, Protoss Air Weapons Level 2  
  109  11:16  Photon Cannon  
  109  11:25  Wraithwalker  
  115  12:04  Pylon  
  115  12:06  Pylon  
  115  12:09  Pylon  
  115  12:13  Pylon  
  115  12:16  Pylon  
  115  12:18  Pylon  
  115  12:29  Wraithwalker  
  121  13:13  Wraithwalker  
  127  13:33  Wraithwalker  
  133  14:07  Pylon  
  133  14:09  Pylon  
  133  14:11  Pylon  
  133  14:14  Pylon  
  133  14:17  Pylon  
  133  14:20  Pylon  
  133  14:23  Pylon  
  133  14:27  Pylon  
  133  14:30  Pylon  
  133  14:47  Photon Cannon  
  133  14:49  Photon Cannon x2  
  133  15:00  Wraithwalker  
  133  15:01  Wraithwalker  
  145  15:40  Robotics Facility  
  145  15:43  Robotics Facility  
  145  15:44  Detect Weakness  
  145  15:48  Havoc  
  146  15:50  Slayer  
  146  15:53  Supplicant x2  
  146  15:55  Supplicant x2  
  156  16:55  Pylon  
  156  16:56  Pylon  
  156  17:24  Photon Cannon  
  156  17:26  Photon Cannon  
  156  17:28  Photon Cannon x2  
  156  17:32  Photon Cannon  
  156  17:34  Photon Cannon  
  156  17:37  Photon Cannon  
  156  17:39  Photon Cannon  
  156  17:42  Photon Cannon  
  156  17:44  Photon Cannon  
  156  17:45  Photon Cannon  
  156  17:46  Photon Cannon  
  156  17:49  Pylon  
  156  17:51  Pylon  
  156  17:58  Wraithwalker x2  
  156  18:07  Protoss Air Weapons Level 3, Protoss Ground Weapons Level 3  
  156  18:11  Wraithwalker x2  
  180  18:41  Photon Cannon x2  
  180  18:45  Photon Cannon  
  180  18:49  Photon Cannon  
  180  18:55  Photon Cannon  
  180  18:56  Photon Cannon  
  180  18:59  Photon Cannon  
  180  19:01  Photon Cannon  
  180  21:04  Mothership  
  180  21:20  Wraithwalker  
  180  21:33  Wraithwalker  
  180  21:34  Wraithwalker  
Show
View Real Time Build Order
Export as new Build Order

spectreghost Terran 

Build Orders:  

Get SALT Encoding   

  12  0:03  SCV  
  13  0:20  SCV  
  14  0:37  SCV  
  14  0:39  Refinery  
  15  0:50  Refinery  
  15  0:53  SCV  
  16  1:10  SCV  
  17  1:27  SCV  
  18  1:44  SCV  
  18  1:45  Command Center  
  19  2:01  SCV  
  20  2:18  SCV  
  21  2:20  Engineering Bay  
  21  2:35  SCV  
  22  2:52  SCV  
  23  3:01  Tychus  
  23  3:04  Fixers Safehouse  
  23  3:43  Gunslingers Hideout  
  23  3:47  Flashforce GDM Visor  
  23  3:48  SCV  
  24  4:05  SCV  
  25  4:22  SCV  
  25  4:23  Refinery  
  25  4:24  Refinery  
  26  4:32  Command Center  
  26  4:38  Engineering Bay  
  26  4:39  SCV  
  27  4:48  Muscle Armory  
  27  4:56  SCV  
  27  4:59  SCV  
  29  5:13  SCV  
  29  5:16  SCV  
  29  5:18  ITC-E Triggers  
  31  5:22  Endurance Supplements  
  31  5:32  Auto-Turret  
  31  5:44  SCV  
  31  5:45  SCV  
  33  6:01  Auto-Turret, SCV  
  33  6:02  SCV  
  35  6:27  SCV  
  35  6:28  SCV  
  37  6:30  Auto-Turret  
  37  6:44  SCV  
  37  6:45  SCV  
  39  6:58  Kel-Morian Ripper Rounds  
  39  7:02  SCV  
  40  7:13  Auto-Turret  
  40  7:18  SCV  
  41  7:30  SCV  
  41  7:35  SCV  
  43  7:47  SCV  
  43  7:49  Auto-Turret  
  44  7:52  SCV  
  45  8:05  SCV  
  45  8:09  SCV  
  47  8:19  Outlaw Weapons Level 1  
  47  8:20  Outlaw Life and Armor Level 1  
  47  8:22  SCV  
  47  8:26  SCV  
  49  8:56  Medivac Platform  
  49  9:32  Auto-Turret  
  49  9:36  Nux  
  59  9:53  Rob Cannonball Boswell  
  69  10:28  Outlaw Weapons Level 2  
  69  10:30  Outlaw Life and Armor Level 2  
  69  10:56  T4 Cloudburst Shells  
  69  11:04  Redline Power Cells  
  69  11:20  SCV x2  
  71  11:37  SCV x2  
  73  11:55  Lt Layna Nikara  
  83  12:29  Procyon Serum  
  83  13:12  Outlaw Weapons Level 3  
  83  13:13  Outlaw Life and Armor Level 3  
  83  14:52  Umojan Repair Nanites, Procyon Twin Heal Beam Gauntlet  
  83  15:18  Kev Rattlesnake West  
  93  15:44  Vanadium Shell  
  93  15:46  KD9a Implosion Core  
  93  18:10  X-71 Impact Boots, Critical Response System  
  93  18:11  Umojan Signal Modulator  
  93  18:12  Moebius Aggression Blend  
  93  18:38  Ultrasonic Boosters  
  93  20:49  Crystalline Amplifiers  
  93  22:49  Secret Stash Stimpack  
Tags
 
Add a new tag
Caveats
  • Supply blocks, unpowered buildings, or Contaminate may cause inaccurate times.
  • Supply counts are checked every 10 seconds.